Unix NetHack Version 5.0.0-0 post-release - last build May 31 2026 13:37:37 (4f47d67043fb8e84071ad9bc9740482a2de5bd5e,branch:main).

Game began 2026-05-31 18:48:42, ended 2026-05-31 18:51:25.

ArrBianca, chaotic female elven Priestess

  ------     -------       ---------    -------------
  |....| ####......-#      |..{....|    |...........|
  |....-##   |.....|##     |.......|    |...........|            --------
  |.{..|     .......#      |........#   |..........>|            |......|
  -.----     |.....|#      |.......|#   |.@&.........#           |......|
   ##        -------#      |.......|#   -|-----------##          |......|
    #               #      -----.---#    #            #          |......|
    #               #         ##### #    #            #          |......|
    ##              #          #    #    #            ######     --.-----
     ##             #     ######   ##    ##                #       #####
      )#            #     #        #      #                #           #
 ------.-           #   ###        #      ##               #    #    ####
 |.......#          # --.-------   #-------|-              #####------.-.---
 |......|           ##|.....<...####|.......|                  #...........|
 |......|            #|........|   #|.......|                   |..........|
 |.......####        #|........|   #|.......|                   |...)......|
 |......|            #|........|   #........|                   ------------
 --------            #.........|    |.......|
                      ----------    ---------

ArrBianca the Acolyte        St:8 Dx:17 Co:14 In:9 Wi:20 Ch:8  Chaotic
Dlvl:1  $:0  HP:0(22) Pw:33(38) AC:7  Xp:3 T:474 

Latest messages:
 "You're such a sweet lady; I wish..."
 The incubus vanishes!
 Where do you want to travel to?
 (For instructions type a '?')
 You feel very attracted to the incubus.
 The incubus murmurs in your ear, while helping you undress.
 "Take off your robe; it's in the way."
 "Shall I remove your shield, dear?" [yn] (n)
 Time stands still while you and the incubus lie in each other's arms...
 You seem to have enjoyed it more than the incubus...
 You feel restored to health!
 The incubus takes 12 zorkmids for services rendered!
 The incubus vanishes!
 Where do you want to travel to?
 (For instructions type a '?')
 What do you want to wear? [b or ?*]
 You are now wearing a robe.
 You descend the stairs.
 You climb up the stairs.
 You descend the stairs.
 The incubus acts as though he has got a headache.
 The incubus hits!
 The incubus hits again!
 You climb up the stairs.
 The incubus acts as though he has got a headache.
 The incubus hits!
 The incubus hits again!
 Are you waiting to get hit?  Use 'm' prefix to force a no-op (to rest).
 You can't go up here.
 You descend the stairs.
 The incubus acts as though he has got a headache.
 The incubus hits!
 The incubus hits again!
 You climb up the stairs.
 The incubus acts as though he has got a headache.
 The incubus hits!
 The incubus hits again!
 A lit field surrounds you!
 The incubus acts as though he has got a headache.
 The incubus hits!
 The incubus hits again!
 Are you waiting to get hit?  Use 'm' prefix to force a no-op (to rest).
 Are you waiting to get hit?  Use 'm' prefix to force a no-op (to rest).
 Are you waiting to get hit?  Use 'm' prefix to force a no-op (to rest).
 The incubus acts as though he has got a headache.
 The incubus hits!
 The incubus hits again!
 You die...
 Do you want your possessions identified? [ynq] (y)
 Do you want to see your attributes? [ynq] (y)

Inventory:
 Weapons  (')')
  l - 10 +0 arrows
  m - a +0 dagger
  a - a blessed +1 mace (weapon in right hand)
 Armor    ('[')
  c - a +0 small shield (being worn)
  b - a +0 robe (being worn)
 Comestibles  ('%')
  e - a clove of garlic
  f - a sprig of wolfsbane
 Spellbooks  ('+')
  h - a spellbook of extra healing
  g - a spellbook of light
 Potions  ('!')
  d - 4 potions of holy water
 Rings    ('=')
  k - a ring of shock resistance (on right hand)
 Tools    ('(')
  j - a leather drum
  i - a magic marker (0:19)

ArrBianca the Priestess's attributes:

Background:
 You were an Acolyte, a level 3 elven Priestess.
 You were chaotic, on a mission for Loki
 who was opposed by Tyr (lawful) and Odin (neutral).
 You were right-handed.
 You were in the Dungeons of Doom, on level 1.
 You entered the dungeon 474 turns ago.
 There was a full moon in effect when your adventure ended.
 You had 55 experience points, 25 more were needed to attain level 4.

Basics:
 You had 0 out of 22 hit points.
 You had 33 out of 38 energy points (spell power).
 Your armor class was 7.
 Your wallet was empty.
 Autopickup was on for '$?!/="+%' plus thrown, with exceptions.

Final Characteristics:
 Your strength was 8 (limit:18).
 Your dexterity was 17 (limit:18).
 Your constitution was 14 (limit:16).
 Your intelligence was 9 (limit:20).
 Your wisdom was 20 (limit:20).
 Your charisma was 8 (limit:18).

Final Status:
 You weren't hungry.
 You were unencumbered.
 You were wielding a mace.
 You had basic skill with mace.

Final Attributes:
 You were fervently aligned.
 You were shock resistant.
 Your items were protected from electric shocks.
 You had infravision.
 You were guarded.
 Your spell casting was enhanced by wearing a robe.
 You were lucky.
 You are dead.

Miscellaneous:
 You didn't encounter any bones levels.
 Total elapsed playing time was 2 minutes and 43 seconds.

Major events:
 Turn
    1: ArrBianca the chaotic elven Priestess entered the dungeon
  153: attained the rank of Acolyte (level 3)
  474: killed by an incubus

Spells:
 Name                 Level Category     Fail Retention
 light                  1   clerical       0%  91%-100%
 extra healing          3   healing       50%  76%-100%

Skills:
 Fighting Skills
   bare handed combat [Unskilled]
 Weapon Skills
   club               [Unskilled]
   mace               [Basic]
   morning star       [Unskilled]
   flail              [Unskilled]
   hammer             [Unskilled]
   quarterstaff       [Unskilled]
   polearms           [Unskilled]
   spear              [Unskilled]
   trident            [Unskilled]
   lance              [Unskilled]
   bow                [Unskilled]
   sling              [Unskilled]
   crossbow           [Unskilled]
   dart               [Unskilled]
   shuriken           [Unskilled]
   boomerang          [Unskilled]
   unicorn horn       [Unskilled]
 Spellcasting Skills
   healing spells     [Unskilled]
   divination spells  [Unskilled]
   clerical spells    [Basic]

Voluntary challenges:
 Character rerolling was not enabled.
 You were an atheist.
 You were illiterate.
 You never genocided any monsters.
 You never polymorphed an object.
 You never changed form.
 You used no wishes.
Achievement:
 You attained the rank of Acolyte.

 The Dungeons of Doom: levels 1 to 2
    Level 1: <- You were here.
       A fountain, a sink.
       Final resting place for
          you, killed by an incubus.
    Level 2:


Vanquished creatures:
  a ghost
  a hobbit
  2 jackals
  a goblin
  2 newts
7 creatures vanquished.

No species were genocided or became extinct.

Game over:
                       ----------
                      /          \
                     /    REST    \
                    /      IN      \
                   /     PEACE      \
                  /                  \
                  |    ArrBianca     |
                  |       0 Au       |
                  |   killed by an   |
                  |     incubus      |
                  |                  |
                  |                  |
                  |       2026       |
                 *|     *  *  *      | *
        _________)/\\_//(\/(/\)/\//\/|_)_______

Goodbye ArrBianca the Priestess...

You died in The Dungeons of Doom on dungeon level 1 with 754 points,
and 0 pieces of gold, after 474 moves.
You were level 3 with a maximum of 22 hit points when you died.

